 Dungeon Crawl Stone Soup version 0.29-a0-397-g846e4a0bbc (webtiles) character file.

Game seed: 3395478988524197299

70 MordorOrchid the Magician (level 4, -2/48 HPs)
             Began as a Djinni Conjurer on May 11, 2022.
             Slain by Sigmund
             ... wielding a +0 scythe
              (3 damage)
             ... on level 2 of the Dungeon.
             The game lasted 00:04:44 (1955 turns).

MordorOrchid the Magician (Djinni Conjurer)         Turns: 1955, Time: 00:04:45

Health: -2/48      AC: 22    Str:  6      XL:     4   Next: 45%
Gold:   85         EV:  2    Int: 21 (22) God:
                   SH:  0    Dex:  9 (11)

rFire   . . .      SeeInvis .   i - +0 dagger
rCold   . . .      Faith    .   (no shield)
rNeg    . . .      Spirit   .   (body armour currently unavailable)
rPois   ∞          Reflect  .   (helmet currently unavailable)
rElec   .          Harm     .   (cloak currently unavailable)
rCorr   .          Rampage  .   (gloves currently unavailable)
Will    +....      NoTele   +   (boots unavailable)
Stlth   ++........              (no amulet)
HPRegen 0.16/turn               (no ring)
MPRegen 0.00/turn               (no ring)

@: tree-form
A: stationary, stasis, torment immunity, boosted hp, sickness immunity, (fire
resistance 2), (cold vulnerability 1), float, innate caster, HP casting, extra
vitality 1, strong-willed 1, wild magic 2, MP-powered wands
a: no special abilities


You were on level 2 of the Dungeon.
You were a tree.
You visited 1 branch of the dungeon, and saw 2 of its levels.

You collected 85 gold pieces.

Inventory:

Hand Weapons
 i - a +0 dagger (weapon)
Missiles
 j - 6 poisoned darts (quivered)
 m - 30 stones
Armour
 a - a +0 robe (melded)
 n - a +2 helmet (melded)
Wands
 o - a wand of acid (6)
Scrolls
 d - 2 scrolls of identify {unknown}
 k - a scroll of enchant weapon {unknown}
 l - a scroll of immolation {unknown}
Potions
 f - a potion of brilliance


   Skills:
 * Level 1.2 Fighting
 * Level 2.7 Dodging
 * Level 2.1 Stealth
 + Level 3.9 Spellcasting


You couldn't memorise any spells.
You knew the following spells:

 Your Spells              Type           Power      Damage    Failure   Level
a - Magic Dart            Conj           100%       1d8       7%          1
b - Searing Ray           Conj           66%        2d6       10%         2
c - Dazzling Flash        Conj/Hex       66%        N/A       16%         3
d - Fulminant Prism       Conj/Hex       16%        3d11      41%         4
e - Iskenderun's Mystic   Conj/Tloc      33%        2d8       41%         4
f - Sting                 Tmut/Pois      100%       1d8       7%          1
Your spell library was empty.

Dungeon Overview and Level Annotations

Branches:
Dungeon (2/15)

Altars:

Shops:
D:1 [

Annotations:
D:2 Sigmund


Innate Abilities, Weirdness & Mutations

You are a tree.
Your roots penetrate the ground, keeping you stationary.
You cannot be teleported.
You are immune to unholy pain and torment.
Your maximum health is greatly increased.
Your equipment is partially melded.
You are immune to sickness and miasma.
You are immune to poison.
((Your flesh is very heat resistant. (rF++)))
((You are vulnerable to cold. (rC-)))
You float through the air rather than walking.
You learn spells naturally, not from books.
Your magical power is your life essence.
You have superior vitality. (+4 MHP)
You are strong-willed. (Will+)
Your spells are harder to cast, but more powerful.
You expend health (3 HP) to strengthen your wands.


Message History

Deactivating autopickup; reactivate with Ctrl-A.
You hit something but do no damage. Your punch misses something.
Something hits you but does no damage.
You hit something but do no damage.
Terence drinks a potion.
Terence seems to speed up.
You hit something. Something hits you but does no damage.
You hit something but do no damage. Something hits you but does no damage.
You hit something. You barely miss something.
Something hits you but does no damage.
You miss something. Something hits you!
* * * LOW HITPOINT WARNING * * *
Okay, then.
Aiming: Corrosive Bolt
Press: ? - help, Shift-Dir - straight line, f - Terence
Aim: Terence, wielding a +0 mace and wearing a +0 chain mail (lightly wounded, fast, 79% to hit)
The bolt of acid hits something!
The acid corrodes something!
The bolt of acid hits Terence!
You kill Terence!
* * * LOW HITPOINT WARNING * * *
You feel your strength returning.
Your Stealth skill increases to level 2!
You have reached level 4!
You feel clever.
Aiming: Corrosive Bolt
Press: ? - help, Shift-Dir - straight line, f - giant cockroach
Aim: a giant cockroach (71% to hit)
The bolt of acid hits the giant cockroach!
The acid corrodes the giant cockroach!
You kill the giant cockroach!
* * * LOW HITPOINT WARNING * * *
Something hits you but does no damage.
Aiming: Corrosive Bolt
Press: ? - help, Shift-Dir - straight line, f - you You hear some strange, mumbled words.
A magic dart appears from out of thin air!
The magic dart hits you but does no damage.
Aiming: Corrosive Bolt
Press: ? - help, Shift-Dir - straight line, f - you Something hits you.
You die...

#.......#
###.......#########
...
...................
.. #......)......#
#.# #####.#.......#
.. #.#.......# #.
#.#.......#
##.#######.#.......#
#..){♣.............#
#.#=######.........#
#.:...##.....<...#
#............†...#
...K#.##.#..........
..... ##.#.......###
.....## #.#####.....
.....# .# .###.#
......# .# .#


There were no monsters in sight!

Vanquished Creatures
  Terence (D:2)
  An adder (D:2)
  3 dart slugs
  2 bats
  2 endoplasms
  2 giant cockroaches
  5 goblins
  2 hobgoblins
  A quokka (D:2)
  2 frilled lizards (D:1)
  6 kobolds
  A rat (D:1)
28 creatures vanquished.

Notes
Turn   | Place    | Note
-------+----------+-------------------------------------------
     0 | D:1      | MordorOrchid the Djinni Conjurer began the quest for the
                  | Orb.
     0 | D:1      | Reached XP level 1. HP: 15/15 MP: 0/0
    30 | D:1      | Found Bytze's Antique Armour Emporium.
   263 | D:1      | Reached XP level 2. HP: 19/21 MP: 0/0
  1155 | D:1      | Reached XP level 3. HP: 22/26 MP: 0/0
  1155 | D:1      | Learned a level 1 spell: Sting
  1746 | D:2      | Noticed a phantom
  1903 | D:2      | Reached skill level 1 in Fighting
  1932 | D:2      | Noticed Sigmund
  1938 | D:2      | Noticed Terence
  1944 | D:2      | Gained mutation: You are strong-willed. (Will+) [potion of
                  | mutation]
  1944 | D:2      | Gained mutation: You expend health (3 HP) to strengthen
                  | your wands. [potion of mutation]
  1944 | D:2      | Gained mutation: Your spells are a little harder to cast,
                  | but a little more powerful. [potion of mutation]
  1944 | D:2      | Gained mutation: Your spells are harder to cast, but more
                  | powerful. [potion of mutation]
  1951 | D:2      | HP: 2/40 [something (7)]
  1952 | D:2      | Killed Terence
  1953 | D:2      | Reached XP level 4. HP: 2/32 MP: 0/0
  1955 | D:2      | Slain by Sigmund

Illustrated notes

Levels and vault maps discovered:
D:1:      heliophobic_arrival_dark_side_of_the_moon, layout_basic, serial_shops,
          shop
D:2:      layout_basic, uniq_sigmund, uniq_terence, uniq_crazy_yiuf_cottage

Skill      XL: |  1  2  3 |
---------------+----------+-----
Fighting       | 1 |  1.2
Stealth        | 2 |  2.1
Dodging        | |  2.7
Spellcasting   | |  3.9

Action                   |  1- 3 |  4- 6 || total
-------------------------+-------+-------++-------
Melee: Dagger            |     8 |       ||     8
 Cast: Magic Dart        |    59 |       ||    59
       Searing Ray       |     3 |       ||     3
Evoke: Wand              |     1 |     3 ||     4
  Use: Potion            |     6 |       ||     6
 Stab: Sleeping          |     1 |       ||     1
Armor: Robe              |     2 |       ||     2
       Skin              |     4 |     2 ||     6
Dodge: Dodged            |    13 |       ||    13

Table legend: (Time is in decaauts)
 A = Elapsed time spent in this place.
 B = Non-inter-level travel time spent in this place.
 C = Inter-level travel time spent in this place.
 D = Time resting spent in this place.
 E = Time spent auto-exploring this place.
 F = Levels seen in this place.
 G = Mean time per level.
                   A        B        C        D        E       F      G
               +--------+--------+--------+--------+--------+-----+--------+
         Total |   1955 |   1901 |     54 |     32 |   1692 |   2 |  977.5 |
       Dungeon |   1955 |   1901 |     54 |     32 |   1692 |   2 |  977.5 |
               +--------+--------+--------+--------+--------+-----+--------+

Top non-repeatable levels by time:
     D:1: 1803 daAuts
     D:2: 152 daAuts
